AoeStats
← Coopz881006

Arena

509105239Analyzed
2v2 RM · 5d ago on Sep 25, 2026· 37m 14s· 4 players
Game mode
Random Map
Map size
Medium (4 player)
Population
200
Speed
Normal
Resources
Standard
Victory
Conquest
Starting age
Dark Age
Ending age
Imperial Age
RankedLock teamsTeams togetherTeam positionsShared explorationLock speedFull tech treeHidden civsTurbo modeCheats
Victory
Defeat
🇨🇳 Khitans · China
716
+13
🇨🇳 Chinese · China
699
+13
🇺🇸 Britons · United States
647
-13
🇬🇧 Japanese · United Kingdom
631
-13
Coopz881006
2:44 Loom
12:44 Feudal Age
14:19 Wheelbarrow
13:48 Double-Bit Axe
14:16 Horse Collar
14:47 Gold Mining
15:41 Stone Mining
22:52 Castle Age
24:19 Caravan
25:38 Hand Cart
25:35 Bow Saw
25:41 Heavy Plow
28:05 Gold Shaft Mining
30:18 Forging
30:10 Scale Mail Armor
30:46 Squires
30:37 Arson
32:27 Iron Casting
32:11 Chain Mail Armor
32:32 Town Watch
36:17 Ballistics
KingJerold22
11:54 Feudal Age
12:28 Double-Bit Axe
12:26 Horse Collar
13:01 Gold Mining
13:46 Stone Mining
19:14 Castle Age
21:07 Bow Saw
23:03 Heavy Plow
23:49 Wheelbarrow
蝼蚁
11:02 Feudal Age
18:25 Castle Age
16:33 Double-Bit Axe
17:02 Domestication
17:15 Stone Mining
18:02 Gold Mining
19:44 Stone Shaft Mining
21:36 Wheelbarrow
22:16 Pastoralism
22:29 Bow Saw
24:16 Hand Cart
25:10 Gambesons
25:25 Squires
25:11 Arson
25:29 Scale Mail Armor
25:39 Forging
25:48 Murder Holes
26:15 Ballistics
32:06 Imperial Age
31:14 Lamellar Armor
34:18 Two-Man Saw
32:46 Capped Ram
32:53 Elite Liao Dao
34:45 Transhumance
33:57 Siege Ram
35:52 Chain Mail Armor
36:13 Iron Casting
风中有朵蒲公英
11:19 Feudal Age
15:17 Castle Age
13:16 Double-Bit Axe
15:43 Horse Collar
17:10 Wheelbarrow
20:02 Bow Saw
21:38 Heavy Plow
22:54 Gold Mining
24:19 Gold Shaft Mining
24:24 Hand Cart
29:57 Imperial Age
29:24 Fletching
30:15 Town Watch
32:31 Elite Chu Ko Nu
33:14 Bodkin Arrow
33:45 Padded Archer Armor
33:54 Man-at-Arms
35:14 Long Swordsman
36:29 Stone Mining
36:26 Two-Handed Swordsman
37:30 Bracer
Connection lost

Rejoining the realm…

Still unreachable

The connection could not be restored.

Session expired

The server has moved on; the page needs a fresh start.